 Dungeon Crawl Stone Soup version 0.30-a0-1053-gbd8d5ba0ad (webtiles) character file.

Game seed: 11994315596710029872

13120 hwolsky the Arsonist (level 11, 0/68 HPs)
             Began as a Demonspawn Fire Elementalist on Apr 11, 2023.
             Was an Elder of Nemelex Xobeh.
             Constricted to death by an anaconda (2 damage)
             ... on level 1 of the Snake Pit.
             The game lasted 01:24:43 (12437 turns).

hwolsky the Arsonist (DsFE)                        Turns: 12437, Time: 01:24:43

Health: 0/68       AC:  9    Str:  9    XL:     11   Next: 71%
Magic:  25/25      EV: 22    Int: 20    God:    Nemelex Xobeh [****..]
Gold:   574        SH:  0    Dex: 14    Spells: 16/30 levels left

rFire   + . .      SeeInvis .    C - +4 scimitar (flame)
rCold   + . .      Faith    .    (no shield)
rNeg    + . .      Spirit   .    h - +1 robe {rF+}
rPois   .          Reflect  .    (helmet restricted)
rElec   .          Rampage  .    u - scarf {repulsion}
rCorr   .                        l - +0 pair of gloves
Will    .....                    J - +1 pair of boots
Stlth   ++                       r - amulet of regeneration
HPRegen 1.11/turn                g - ring of positive energy
MPRegen 0.19/turn                b - +5 ring of evasion

@: agile, lethally poisoned (0 -> -1), constricted, repel missiles
A: antennae 2, ignite blood 2, powered by pain 1, sharp scales 3, cold
resistance 1
a: Renounce Religion, Draw Escape, Draw Destruction, Draw Summoning, Triple
Draw, Deal Four


You were on level 1 of the Snake Pit.
You worshipped Nemelex Xobeh.
Nemelex Xobeh was greatly pleased with you.
You visited 4 branches of the dungeon, and saw 13 of its levels.

You collected 574 gold pieces.

Inventory:

Hand Weapons
 C - a +4 scimitar of flaming (weapon)
Missiles
 e - 87 stones
Armour
 h - a +1 robe of fire resistance (worn)
 l - a +0 pair of gloves (worn)
 u - a scarf of repulsion (worn)
 J - a +1 pair of boots (worn)
Magical Staves
 D - a staff of air
Jewellery
 b - a +5 ring of evasion (right hand)
 g - a ring of positive energy (left hand)
 r - an amulet of regeneration (around neck)
 t - a ring of positive energy
 v - a ring of flight
 w - a +5 ring of evasion
 A - an amulet of the acrobat
 E - a ring of poison resistance
 G - an amulet of reflection
Wands
 d - a wand of polymorph (13)
 j - a wand of paralysis (10)
 p - a wand of roots (5)
 q - a wand of mindburst (4)
 s - a wand of quicksilver (3)
 y - a wand of flame (16)
Scrolls
 k - 3 scrolls of teleportation
 m - 3 scrolls of silence
 o - 2 scrolls of noise
 x - 2 scrolls of fear
 F - 2 scrolls of blinking
Potions
 a - a potion of cancellation
 c - 4 potions of haste
 i - a potion of attraction
 n - a potion of lignification
 z - a potion of resistance
 B - a potion of mutation
 M - a potion of degeneration


   Skills:
 + Level 7.4 Dodging
 - Level 2.4 Stealth
 * Level 10.3 Spellcasting
 + Level 7.7 Conjurations
 * Level 10.4 Fire Magic


You had 16 spell levels left.
You knew the following spells:

 Your Spells              Type           Power      Damage    Failure   Level
a - Foxfire               Conj/Fire      100%       2x1d9     1%          1
b - Scorch                Fire           100%       2d9       1%          2
c - Magic Dart            Conj           100%       1d8       1%          1
d - Inner Flame           Hex/Fire       31%        N/A       2%          3
e - Flame Wave            Conj/Fire      46%        2d12      1%          4
f - Volatile Blastmotes   Fire/Tloc      62%        2d15      2%          3

Your spell library contained the following spells:

 Spells                   Type           Power      Damage    Failure   Level
 Dazzling Flash           Conj/Hex       50%        N/A       4%          3
 Mephitic Cloud           Conj/Pois/Air  20%        N/A       7%          3
 Call Imp                 Summ           20%        N/A       11%         2
 Ensorcelled Hibernation  Hex/Ice        20%        N/A       11%         2
 Passwall                 Tmut/Erth      8%         N/A       11%         2
 Iskenderun's Mystic Bla  Conj/Tloc      25%        2d7       14%         4
 Swiftness                Air            10%        N/A       21%         3
 Starburst                Conj/Fire      23%        6d8       24%         6
 Cause Fear               Hex            5%         N/A       56%         4
 Agony                    Necr           10%        N/A       88%         5
 Silence                  Hex/Air        5%         N/A       88%         5
 Dragon Form              Tmut           5%         N/A       100%        7
 Dragon's Call            Summ           5%         N/A       100%        9


Dungeon Overview and Level Annotations

Branches:
Dungeon (8/15)             Temple (1/1) D:5            Lair (3/5) D:8
  Snake (1/4) Lair:3
  Swamp: Lair:2-3    Shoals: Lair:2-3

Altars:
Cheibriados
Fedhas
Gozag
Hepliaklqana
Nemelex Xobeh
Okawaru
Qazlal
Ru
Sif Muna
Trog
Vehumet
Wu Jian
Xom
Yredelemnul

Annotations:
D:3 exclusion: statue


Innate Abilities, Weirdness & Mutations

You have a pair of antennae on your head.
Your demonic aura often causes spilled blood to erupt in flames.
You sometimes gain a little power by taking damage.
You are completely covered in razor-sharp scales. (AC +3, Slay +3)
Your flesh is cold resistant. (rC+)


Message History

You feel agile all of a sudden.
Casting: Flame Wave (dangerous; 1% risk of failure)
Confirm with . or Enter, or press ? or * to list all spells.
Restarting spell: Flame Wave (dangerous; 1% risk of failure)
Press: ? - help, Dir - look around, f - activate A wave of flame ripples out!
The flame wave engulfs the anaconda!
The anaconda is heavily wounded.
The flame wave engulfs the naga mage!
The naga mage is severely wounded.
The flame wave engulfs the black mamba!
The black mamba is almost dead. (Press . to intensify the flame waves.)
You feel very sick. The anaconda completely misses you.
The anaconda constricts you. The black mamba misses you.
The naga mage is engulfed in blazing flames.
You kill the naga mage!
The naga mage misses you. The anaconda completely misses you.
The anaconda constricts you. The black mamba barely misses you.
A wave of flame ripples out!
The flame wave engulfs the anaconda!
The anaconda is severely wounded.
The flame wave engulfs the black mamba!!
You kill the black mamba!
The flame wave engulfs the naga mage but does no damage.
The naga mage is heavily wounded.
You feel very sick. The anaconda completely misses you.
The anaconda constricts you.
The naga mage hits you from afar with a +0 halberd!
* * * LOW HITPOINT WARNING * * *
The anaconda misses you. The anaconda constricts you.
* * * LOW HITPOINT WARNING * * *
The naga mage hits you from afar with a +0 halberd!
* * * LOW HITPOINT WARNING * * *
You focus on the pain.
You feel your power returning.
You draw a card...
You have drawn the Cloud.
Clouds appear around you!
* * * LOW HITPOINT WARNING * * *
You feel very sick. The anaconda barely misses you.
The anaconda constricts you.
You die...
Your body glows with a rainbow of weird colours and disappears.

#### #><#
###..#
#..##§§§##
.....NS@#
.##..##°§#
### #..#
{..## ..#
##.. #).
..#


You could see an anaconda and a naga mage (fast).

Vanquished Creatures
  A hydra (Lair:2)
  A naga warrior (Snake:1)
  2 naga magi (Snake:1)
  5 elephants (Lair:2)
  3 black mambas
  2 cane toads (Lair:1)
  A rime drake (Lair:1)
  2 komodo dragons
  5 blink frogs
  A tarantella (D:8)
  2 wyverns
  10 yaks
  2 basilisks
  A steam dragon (D:7)
  A naga (Lair:3)
  3 water moccasins
  A sky beast (D:8)
  A swamp drake (D:8)
  An ice beast (D:6)
  3 centaurs
  An ogre (D:5)
  2 phantoms
  2 kobold brigands
  5 bullfrogs
  2 gnoll sergeants
  5 scorpions
  10 wights
  3 killer bees (D:8)
  4 howler monkeys
  A crimson imp (D:7)
  2 jellies
  5 hounds
  An orc priest (D:6)
  A gnoll bouda (D:7)
  2 iguanas (D:7)
  4 orc wizards
  14 gnolls
  3 adders
  A shadow imp (D:5)
  3 white imps
  3 dart slugs
  2 worms (D:2)
  10 orcs
  11 ball pythons
  5 bats
  10 endoplasms
  8 goblins
  6 hobgoblins
  4 jackals (D:5)
  5 frilled lizards
  3 goblin skeletons (D:5)
  5 hobgoblin zombies (D:5)
  11 kobolds
  A kobold zombie (D:5)
  2 orc skeletons (D:5)
  9 rats
214 creatures vanquished.

Vanquished Creatures (others)
  178 foxfires
  6 fungi
  13 plants
197 creatures vanquished.

Grand Total: 411 creatures vanquished

Notes
Turn   | Place    | Note
-------+----------+-------------------------------------------
     0 | D:1      | hwolsky the Demonspawn Fire Elementalist began the quest
                  | for the Orb.
     0 | D:1      | Reached XP level 1. HP: 13/13 MP: 3/3
   429 | D:1      | Gained mutation: You are partially covered in razor-sharp
                  | scales. (AC +1, Slay +1) [demonic ancestry]
   429 | D:1      | Reached XP level 2. HP: 19/19 MP: 1/5
  1296 | D:2      | Reached XP level 3. HP: 24/24 MP: 3/6
  1525 | D:2      | Learned a level 2 spell: Scorch
  2304 | D:2      | Learned a level 1 spell: Magic Dart
  2435 | D:3      | Gained mutation: You have a pair of small antennae on your
                  | head. [demonic ancestry]
  2435 | D:3      | Reached XP level 4. HP: 30/30 MP: 4/7
  2840 | D:3      | Found a faded altar of an unknown god.
  2866 | D:3      | Prayed at the altar of an unknown god.
  2866 | D:3      | Became a worshipper of Nemelex Xobeh the Trickster
  2866 | D:3      | Reached * piety under Nemelex Xobeh
  2895 | D:3      | Found a radiant altar of Vehumet.
  2895 | D:3      | Noticed a frost-covered statue
  3216 | D:3      | Received a gift from Nemelex Xobeh
  3740 | D:4      | Gained mutation: You are mostly covered in razor-sharp
                  | scales. (AC +2, Slay +2) [demonic ancestry]
  3740 | D:4      | Reached XP level 5. HP: 30/35 MP: 3/9
  4035 | D:4      | Learned a level 3 spell: Inner Flame
  4094 | D:4      | Noticed a phantom
  4106 | D:4      | Killed a phantom
  4107 | D:4      | Reached XP level 6. HP: 41/41 MP: 4/11
  4512 | D:4      | Gained mutation: You sometimes gain a little power by
                  | taking damage. [demonic ancestry]
  4512 | D:4      | Reached XP level 7. HP: 26/46 MP: 6/13
  4667 | D:4      | Reached ** piety under Nemelex Xobeh
  4994 | D:5      | Entered Level 5 of the Dungeon
  5043 | D:5      | Reached skill level 5 in Fire Magic
  5666 | D:5      | Found a staircase to the Ecumenical Temple.
  5724 | D:5      | Reached skill level 5 in Spellcasting
  5754 | D:5      | Gained mutation: Your demonic aura sometimes causes spilled
                  | blood to erupt in flames. [demonic ancestry]
  5754 | D:5      | Reached XP level 8. HP: 23/52 MP: 1/15
  6080 | Temple   | Entered the Ecumenical Temple
  6724 | D:6      | Gained mutation: Your flesh is cold resistant. (rC+)
                  | [potion of mutation]
  6956 | D:6      | Learned a level 4 spell: Flame Wave
  7581 | D:6      | Found an opulent altar of Gozag.
  7713 | D:7      | Reached *** piety under Nemelex Xobeh
  8163 | D:7      | Received a gift from Nemelex Xobeh
  8208 | D:7      | Gained mutation: You are completely covered in razor-sharp
                  | scales. (AC +3, Slay +3) [demonic ancestry]
  8208 | D:7      | Reached XP level 9. HP: 47/57 MP: 8/18
  8248 | D:7      | Reached skill level 5 in Dodging
  8248 | D:7      | Reached skill level 5 in Conjurations
  9207 | D:8      | Learned a level 3 spell: Volatile Blastmotes
  9209 | D:8      | Noticed Erica
  9220 | D:8      | Erica changed into Erica the blink frog
  9220 | D:8      | Noticed Erica
  9222 | D:8      | Killed Erica the blink frog
  9331 | D:8      | Reached **** piety under Nemelex Xobeh
  9404 | D:8      | Received a gift from Nemelex Xobeh
  9839 | D:8      | Gained mutation: Your demonic aura often causes spilled
                  | blood to erupt in flames. [demonic ancestry]
  9839 | D:8      | Reached XP level 10. HP: 49/63 MP: 15/21
  9999 | D:8      | Found a staircase to the Lair.
 10374 | Lair:1   | Entered Level 1 of the Lair of Beasts
 10414 | Lair:1   | Noticed a cane toad
 10417 | Lair:1   | Killed a cane toad
 10747 | Lair:1   | Noticed a cane toad
 10753 | Lair:1   | Killed a cane toad
 11334 | Lair:2   | Noticed a black mamba
 11338 | Lair:2   | Killed a black mamba
 11339 | Lair:2   | Gained mutation: You have a pair of antennae on your head.
                  | [demonic ancestry]
 11339 | Lair:2   | Reached XP level 11. HP: 47/68 MP: 21/24
 11461 | Lair:2   | Noticed an eight-headed hydra
 11468 | Lair:2   | Killed an eight-headed hydra
 11519 | Lair:2   | Reached skill level 10 in Fire Magic
 12231 | Lair:3   | Found a staircase to the Snake Pit.
 12245 | Lair:3   | Noticed a boulder beetle
 12268 | Lair:3   | Banished a boulder beetle
 12269 | Lair:3   | Reached skill level 10 in Spellcasting
 12354 | Snake:1  | Entered Level 1 of the Snake Pit
 12354 | Snake:1  | Received a gift from Nemelex Xobeh
 12356 | Snake:1  | Noticed a naga warrior
 12372 | Snake:1  | Noticed an anaconda
 12372 | Snake:1  | Noticed an anaconda
 12374 | Snake:1  | Killed a naga warrior
 12437 | Snake:1  | HP: 2/68 [poisoned by a naga mage (bolt of poison)]
 12437 | Snake:1  | Constricted to death by an anaconda

Illustrated notes

Levels and vault maps discovered:
D:1:      spicycebolla_green_bress_n_ham, layout_loops_corners,
          minmay_tetromino_s4
D:2:      minmay_alternating_diamond, layout_loops_ring
D:3:      layout_basic, vehumet_statue, ebering_ecumenical_altar_webs,
          amcnicky_mini_corridor_feature
D:4:      layout_basic
D:5:      wad_lake_hut, layout_cave_pools, nicolae_tso_besieged_by_evil,
          chequers_ossuary_entry_cave
D:6:      layout_loops_ring, grunt_gozag_breadcrumbs
D:7:      layout_gridville, minmay_fire_ice_demons
D:8:      layout_loops_ring, erik_lair_dragon, uniq_erica
Temple:   nicolae_temple_hex_pool
Lair:1:   layout_roguey
Lair:2:   layout_regular_city
Lair:3:   layout_cellular_growth, elwin_shoals_entry_rooms,
          guppyfry_snake_entry_island
Snake:1:  kennysheep_six_static_rooms, layout_onion_interference, serial_shops,
          shop_statue, hangedman_snake_sidewinding, serial_bayou_shore_a,
          uniq_asterion

Skill      XL: |  1  2  3  4  5  6  7  8  9 10 11 |
---------------+----------------------------------+-----
Stealth        | 2 |  2.4
Dodging        | 2 3 4 5 6 7 |  7.4
Fire Magic     | 3 4 5 6 8 9 10 | 10.4
Conjurations   | 2 3 4 5 6 7 |  7.7
Spellcasting   | 3 4 5 6 7 9 10 | 10.3

Action                     |  1- 3 |  4- 6 |  7- 9 | 10-12 || total
---------------------------+-------+-------+-------+-------++-------
  Melee: Club              |    21 |       |       |       ||    21
         Short sword       |     7 |    11 |       |       ||    18
         Dagger            |       |    36 |    77 |       ||   113
         Punch             |       |       |     2 |       ||     2
         Flail             |       |       |    12 |       ||    12
         Scimitar          |       |       |    22 |    37 ||    59
   Cast: Foxfire           |    51 |    15 |    23 |    16 ||   105
         Scorch            |    10 |    28 |    59 |    18 ||   115
         Magic Dart        |     1 |    41 |    17 |     2 ||    61
         Inner Flame       |       |     2 |    42 |    31 ||    75
         Flame Wave        |       |       |     1 |    13 ||    14
         Volatile Blastmot |       |       |     2 |     6 ||     8
 Invoke: Draw Destruction  |       |     2 |     6 |     5 ||    13
         Draw Escape       |       |       |       |     5 ||     5
  Evoke: Wand              |       |       |     5 |       ||     5
    Use: Scroll            |     5 |       |    10 |     4 ||    19
         Potion            |     2 |     3 |     8 |     3 ||    16
   Stab: Sleeping          |     1 |       |       |     1 ||     2
 Armour: Robe              |    13 |    21 |    27 |    13 ||    74
         Skin              |       |       |       |    13 ||    13
  Dodge: Dodged            |    58 |    43 |   179 |    77 ||   357
         Repelled          |       |       |       |     3 ||     3

Table legend: (Time is in decaauts)
 A = Elapsed time spent in this place.
 B = Non-inter-level travel time spent in this place.
 C = Inter-level travel time spent in this place.
 D = Time resting spent in this place.
 E = Time spent auto-exploring this place.
 F = Levels seen in this place.
 G = Mean time per level.
                   A        B        C        D        E       F      G
               +--------+--------+--------+--------+--------+-----+--------+
         Total |  12513 |  12106 |    407 |   2007 |   6796 |  13 |  962.5 |
       Dungeon |  10146 |   9794 |    352 |   1716 |   5536 |   8 | 1268.2 |
        Temple |    286 |    286 |      0 |      0 |     63 |   1 |  286.0 |
          Lair |   1996 |   1942 |     54 |    243 |   1197 |   3 |  665.3 |
     Snake Pit |     83 |     83 |      0 |     48 |      0 |   1 |   83.0 |
               +--------+--------+--------+--------+--------+-----+--------+

Top non-repeatable levels by time:
     D:7: 1496 daAuts
     D:4: 1363 daAuts
     D:5: 1305 daAuts
     D:1: 1239 daAuts
     D:3: 1225 daAuts
     D:8: 1191 daAuts
     D:2: 1166 daAuts
     D:6: 1158 daAuts
  Lair:1: 957 daAuts
  Lair:2: 857 daAuts
  Temple: 286 daAuts
  Lair:3: 181 daAuts
 Snake:1: 83 daAuts
